Map: 2000 Atmospheres LE

Players

AgoElazer (Elazer) - Winner!

  • Race: Zerg Zerg

Scarlett

  • Race: Zerg Zerg
  • League: Master

Event: DreamHack SC2 Masters Last Chance 2022

VOD

Have the link to the VOD?

Description

Time

  • Played on: Dec. 19, 2021, 6:26 p.m.
  • Length: 5:38

All games in this series

Show
View Real Time Build Order
Export as new Build Order

AgoElazer Zerg - Winner!

Build Orders: Hatch First, Zergling Baneling 

Get SALT Encoding   

  12  0:00  Drone  
  13  0:12  Overlord  
  13  0:16  Drone  
  14  0:30  Drone x2  
  16  0:47  Hatchery  
  15  0:51  Drone  
  15  0:54  Drone  
  17  0:58  Drone  
  18  1:09  Extractor  
  17  1:13  Spawning Pool  
  17  1:16  Drone  
  17  1:20  Drone  
  18  1:28  Drone  
  19  1:38  Drone  
  20  1:49  Drone  
  21  1:59  Drone  
  21  2:00  Queen x2, Overlord  
  26  2:09  Drone  
  26  2:10  Drone  
  26  2:11  Metabolic Boost  
  28  2:20  Drone  
  28  2:21  Drone  
  30  2:32  Hatchery  
  30  2:34  Zergling x2  
  30  2:37  Zergling x2  
  31  2:44  Baneling Nest  
  31  2:46  Overlord  
  30  2:51  Drone  
  30  2:53  Drone  
  30  2:54  Drone  
  34  3:05  Drone x2  
  34  3:07  Overlord  
  34  3:08  Zergling x4  
  34  3:10  Drone  
  38  3:13  Drone x2  
  38  3:19  Zergling x2  
  41  3:21  Drone  
  42  3:27  Overlord  
  42  3:30  Roach Warren, Extractor  
  42  3:32  Drone  
  41  3:37  Baneling x2  
  41  3:38  Zergling x2  
  42  3:42  Zergling x8  
  42  3:45  Drone x2  
  47  3:57  Overlord  
  47  3:59  Drone x4  
  51  4:04  Overlord  
  51  4:14  Overlord  
  51  4:17  Roach  
  51  4:18  Roach x3  
  51  4:19  Roach  
  51  4:20  Roach  
  63  4:25  Roach  
  63  4:26  Roach  
  63  4:30  Roach  
  69  4:32  Roach  
  69  4:38  Roach  
  72  4:39  Zergling x6  
  76  4:45  Zergling x8  
  76  4:50  Zergling x8  
  83  4:55  Baneling x6  
  83  4:57  Zergling x4  
  83  4:59  Baneling  
  85  5:04  Zergling x4  
  87  5:07  Baneling x2  
  87  5:10  Zergling x2  
Show
View Real Time Build Order
Export as new Build Order

Scarlett Zerg 

Build Orders: Hatch First 

Get SALT Encoding   

  12  0:00  Drone  
  13  0:12  Overlord  
  13  0:17  Drone  
  14  0:30  Drone x2  
  16  0:47  Hatchery  
  15  0:50  Drone  
  15  0:54  Drone  
  17  0:57  Drone  
  18  1:08  Extractor  
  17  1:12  Spawning Pool  
  17  1:15  Drone  
  17  1:19  Drone  
  18  1:27  Drone  
  19  1:38  Drone  
  20  1:49  Drone  
  21  1:59  Zergling x2, Queen x2  
  21  2:00  Overlord  
  26  2:10  Drone  
  26  2:11  Metabolic Boost  
  26  2:12  Drone  
  28  2:23  Drone x2  
  30  2:34  Queen  
  32  2:39  Hatchery  
  32  2:41  Drone  
  32  2:43  Drone  
  33  2:47  Overlord  
  33  2:52  Drone  
  33  2:53  Drone  
  33  2:54  Drone  
  36  3:08  Zergling x12  
  36  3:12  Overlord  
  42  3:15  Drone  
  42  3:18  Drone  
  44  3:22  Evolution Chamber  
  43  3:41  Drone  
  43  3:42  Drone x7  
  51  3:50  Roach Warren  
  51  3:55  Overlord  
  50  3:58  Drone  
  50  3:59  Drone x2, Zergling x2, Extractor x2  
  52  4:14  Drone x9  
  60  4:25  Lair  
  60  4:26  Overlord  
  60  4:31  Overlord  
  60  4:32  Roach x2  
  60  4:38  Drone x2, Overlord  
  66  4:47  Zergling x14  
  73  4:57  Roach x5  
  73  4:59  Roach  
  85  5:02  Roach  
  85  5:05  Overlord  
  85  5:06  Roach  
  89  5:08  Spine Crawler  
  89  5:11  Roach  

Tags
 
Add a new tag
Caveats
  • Supply blocks, unpowered buildings, or Contaminate may cause inaccurate times.
  • Supply counts are checked every 10 seconds.